 Dungeon Crawl Stone Soup version 0.28.0-45-g0d030f2227 (webtiles) character file.

Game seed: 4513088600710897490

175 nickcage the Cudgeller (level 5, 0/45 HPs)
             Began as a Minotaur Abyssal Knight on Apr 13, 2022.
             Was a Believer of Lugonu.
             Slain by Edmund
             ... wielding a +2 flail of protection
              (4 damage)
             ... on level 4 of the Dungeon.
             The game lasted 00:07:11 (3041 turns).

nickcage the Cudgeller (Minotaur Abyssal Knight)    Turns: 3041, Time: 00:07:11

Health: 0/45       AC:  7    Str: 19    XL:     5   Next: 29%
Magic:  5/5        EV: 10    Int:  7    God:    Lugonu [**....]
Gold:   73         SH:  0    Dex: 11    Spells: 4/4 levels left

rFire   . . .      SeeInvis .   g - +3 whip
rCold   . . .      Faith    .   (no shield)
rNeg    . . .      Spirit   .   q - +0 ring mail
rPois   .          Reflect  .   (helmet restricted)
rElec   .          Harm     .   u - +0 cloak
rCorr   .          Rampage  .   j - +0 pair of gloves
Will    .....                   (no boots)
Stlth   +.........              (no amulet)
HPRegen 0.15/turn               (no ring)
MPRegen 0.09/turn               (no ring)

@: no status effects
A: horns 2, retaliatory headbutt
a: Renounce Religion, Depart the Abyss, Bend Space


You were on level 4 of the Dungeon.
You worshipped Lugonu.
Lugonu was pleased with you.
You visited 1 branch of the dungeon, and saw 4 of its levels.
You visited the Abyss 1 time.

You collected 73 gold pieces.

Inventory:

Hand Weapons
 a - a +1 mace
 g - a +3 whip (weapon)
 l - the +5 whip of Plunder {antimagic, Drain Str-3 Int+7 Stlth+}
   (You found it on level 2 of the Dungeon)

   It reduces the magical energy of the wielder, and disrupts the spells and
   magical abilities of those it strikes.
   Natural abilities and divine invocations are not affected.
   Str:       It affects your strength (-3).
   Int:       It affects your intelligence (+7).
   Drain:     It drains your maximum health when unequipped.
   Stlth:     It makes you more stealthy.
Missiles
 r - 3 boomerangs (quivered)
Armour
 b - a +0 leather armour
 j - a +0 pair of gloves (worn)
 q - a +0 ring mail (worn)
 t - the +1 ring mail of the Beggar {Harm rC- rN+++}
   (You found it on level 4 of the Dungeon)

   rC:        It makes you vulnerable to cold.
   rN:        It renders you almost immune to negative energy.
   Harm:      It increases damage dealt and taken.
 u - a +0 cloak (worn)
Scrolls
 c - a scroll of enchant armour {unknown}
 e - a scroll of blinking {unknown}
 f - 3 scrolls of teleportation {unknown}
 i - a scroll of immolation {unknown}
 m - a scroll of noise {unknown}
 o - a scroll of torment {unknown}
Potions
 d - a potion of attraction {unknown}
 h - a potion of curing {unknown}
 k - a potion of resistance {unknown}
 n - a potion of lignification {unknown}
 p - a potion of invisibility {unknown}
 s - a potion of berserk rage {unknown}


   Skills:
 - Level 3.6 Fighting
 + Level 6.7 Maces & Flails
 - Level 2.4 Armour
 - Level 1.1 Dodging
 - Level 1.7 Invocations


You had 4 spell levels left.
You didn't know any spells.
Your spell library contained the following spells:

 Spells                   Type           Power      Damage    Failure   Level
 Conjure Flame            Conj/Fire      0%         6-21      93%         3
 Ignite Poison            Fire/Tmut/Pois 0%         N/A       93%         3
 Tukima's Dance           Hex            0%         N/A       93%         3
 Anguish                  Hex/Necr       0%         N/A       100%        4
 Sticky Flame             Conj/Fire      0%         2d3       100%        4
 Enfeeble                 Hex            0%         N/A       100%        7


Dungeon Overview and Level Annotations

Branches:
Dungeon (4/15)
 Temple: D:4-7

Altars:
Wu Jian

Annotations:
D:4 Edmund


Innate Abilities, Weirdness & Mutations

You have a pair of horns on your head.
You reflexively headbutt those who attack you in melee.


Message History

You barely miss Edmund.
Edmund is heavily wounded.
Edmund hits you but does no damage.
You hit Edmund but do no damage. You headbutt Edmund.
Edmund is heavily wounded.
Edmund hits you with a +2 flail of protection.
You hit Edmund but do no damage.
Edmund is heavily wounded.
Edmund hits you with a +2 flail of protection.
You hit Edmund but do no damage.
Edmund is heavily wounded.
You hit Edmund but do no damage.
Edmund is heavily wounded.
Edmund hits you with a +2 flail of protection.
You hit Edmund but do no damage. You headbutt Edmund!
Edmund is severely wounded.
Edmund barely misses you.
You hit Edmund.
Edmund is severely wounded.
Edmund hits you with a +2 flail of protection.
You hit Edmund but do no damage. You headbutt Edmund.
Edmund is severely wounded.
Edmund hits you with a +2 flail of protection.
You hit Edmund but do no damage.
Edmund is severely wounded.
You completely miss Edmund.
Edmund is severely wounded.
Edmund barely misses you.
You hit Edmund. You headbutt Edmund, but do no damage.
Edmund is severely wounded.
Edmund hits you with a +2 flail of protection!
* * * LOW HITPOINT WARNING * * *
You barely miss Edmund.
Edmund is severely wounded.
Edmund hits you with a +2 flail of protection.
* * * LOW HITPOINT WARNING * * *
You hit Edmund.
Edmund is almost dead.
Edmund hits you with a +2 flail of protection.
You die...

#...## ##......<...............#
.###..###..##############.......#
.#..†(.)..## #.......#
......##### ######### ....#..#
.....#.# .###...## . ##...##
#######....
######...#####..@@.[.#
....<..........#######
######...####### ##......#####
###.......(# #........#
#........# ##########


You could see Edmund.

Vanquished Creatures
  3 gnolls (D:3)
  6 adders
  5 dart slugs
  An orc (D:3)
  7 endoplasms
  3 giant cockroaches
  7 goblins
  6 hobgoblins
  10 jackals (D:1)
  2 quokkas (D:1)
  5 ball pythons
  3 bats
  2 frilled lizards
  12 kobolds
  6 rats
78 creatures vanquished.

Vanquished Creatures (others)
  A plant (D:1)
1 creature vanquished.

Grand Total: 79 creatures vanquished

Notes
Turn   | Place    | Note
-------+----------+-------------------------------------------
     0 | Abyss:1  | nickcage the Minotaur Abyssal Knight began the quest for
                  | the Orb.
     0 | Abyss:1  | Reached XP level 1. HP: 19/19 MP: 1/1
    48 | D:1      | Escaped the Abyss
   114 | D:1      | Reached skill level 3 in Maces & Flails
   238 | D:1      | Reached * piety under Lugonu
   295 | D:1      | Reached XP level 2. HP: 25/26 MP: 2/2
   448 | D:1      | Reached skill level 4 in Maces & Flails
   683 | D:1      | Reached XP level 3. HP: 31/31 MP: 3/3
   740 | D:1      | Reached ** piety under Lugonu
  1247 | D:2      | Found an ornate altar of the Wu Jian Council.
  1349 | D:2      | Reached skill level 5 in Maces & Flails
  1461 | D:2      | Reached XP level 4. HP: 34/39 MP: 4/4
  1532 | D:2      | Identified the +5 whip of Plunder {antimagic, Drain Str-3
                  | Int+7 Stlth+}
  1746 | D:2      | Found a faded altar of an unknown god.
  2052 | D:3      | Reached skill level 6 in Maces & Flails
  2318 | D:3      | Reached XP level 5. HP: 39/45 MP: 5/5
  2953 | D:4      | Identified the +1 ring mail of the Beggar {Harm rC- rN+++}
  3019 | D:4      | Noticed Edmund
  3041 | D:4      | Slain by Edmund

Illustrated notes

Levels and vault maps discovered:
D:1:      wander_arrival_peaceful_grave, layout_basic, serial_forest,
          infiniplex_forest_corner_1, infiniplex_forest_lined_3,
          infiniplex_forest_end_3, infiniplex_forest_end_1,
          infiniplex_forest_lined_3, infiniplex_forest_clump_long,
          infiniplex_forest_fountain, infiniplex_forest_clump_diagonal,
          st_stairs_5
D:2:      layout_loops_cross, basic_altar, ebering_ecumenical_altar_box,
          kennysheep_generic_room_4
D:3:      wad_crossroads, layout_basic
D:4:      layout_rooms, slow_altar_2, kennysheep_flooded_box, uniq_edmund

Skill      XL: |  1  2  3  4 |
---------------+-------------+-----
Maces & Flails | 3 4 5 6 |  6.7
Fighting       | |  3.6
Armour         | |  2.4
Dodging        | |  1.1
Invocations    | |  1.7

Action                   |  1- 3 |  4- 6 || total
-------------------------+-------+-------++-------
Melee: Mace              |    28 |       ||    28
       Headbutt          |     8 |    15 ||    23
       Whip              |    49 |    84 ||   133
       Punch             |       |     3 ||     3
Throw: Boomerang         |       |     4 ||     4
Invok: Depart the Abyss  |     1 |       ||     1
Armor: Leather armour    |    27 |     5 ||    32
       Ring mail         |       |    14 ||    14
Dodge: Dodged            |    37 |    26 ||    63
